Map: Heavy Artillery LE

Players

Massa - Winner!

  • Race: Terran Terran
  • League: Platinum
  • Spawn Location: 7:00

qqq - Winner!

  • Race: Zerg Zerg
  • League: Platinum
  • Spawn Location: 7:00

whiteman

  • Race: Zerg Zerg
  • League: Diamond
  • Spawn Location: 1:00

Kornisey

  • Race: Protoss Protoss
  • League: Diamond
  • Spawn Location: 3:00

VOD

Have the link to the VOD?

Description

Time

  • Played on: Jan. 22, 2021, 12:31 p.m.
  • Length: 19:46
Show
View Real Time Build Order
Export as new Build Order

Massa Terran - Winner!

Build Orders: Hellion Banshee 

Get SALT Encoding   

  12  0:00  SCV  
  13  0:12  SCV  
  14  0:23  Supply Depot  
  14  0:24  SCV  
  15  0:45  SCV  
  15  0:46  Barracks  
  15  0:48  Refinery  
  16  1:05  SCV  
  17  1:22  SCV  
  18  1:34  Barracks Reactor  
  18  1:36  Orbital Command  
  18  1:42  Command Center  
  18  2:02  SCV, Supply Depot  
  19  2:12  Marine x2  
  19  2:14  SCV  
  22  2:21  Factory  
  22  2:27  Supply Depot  
  22  2:30  Marine  
  22  2:33  SCV  
  22  2:36  Marine  
  25  2:45  SCV  
  25  2:48  Marine  
  27  2:54  Marine  
  28  2:58  Orbital Command  
  28  3:09  Starport  
  28  3:17  Hellion  
  28  3:18  Hellion  
  32  3:24  Barracks Tech Lab  
  32  3:29  SCV  
  32  3:32  SCV  
  34  3:39  Hellion x2  
  38  3:41  Supply Depot  
  38  3:46  Starport Tech Lab  
  38  3:50  Refinery, SCV x2  
  40  4:00  Hellion  
  40  4:02  SCV x2, Hellion  
  46  4:22  Hellion  
  46  4:23  Hellion  
  47  4:34  Banshee  
  45  4:43  Hellion  
  45  4:45  Hellion  
  45  5:04  Hellion  
  45  5:06  Hellion  
  45  5:07  Marine  
  44  5:17  Banshee, Barracks  
  44  5:20  Barracks  
  47  5:21  Barracks  
  47  5:24  Marine  
  47  5:25  Stimpack  
  47  5:26  Hellion  
  50  5:42  Marine  
  45  6:00  Banshee, Marine  
  45  6:12  Barracks Tech Lab  
  45  6:13  Barracks Reactor x2  
  45  6:14  SCV x2  
  45  6:18  Marine  
  48  6:20  Command Center  
  48  6:25  Refinery  
  48  6:26  SCV  
  48  6:27  SCV  
  48  6:28  Cloaking Field  
  50  6:37  Engineering Bay  
  50  6:38  SCV  
  50  6:39  SCV  
  52  6:51  SCV  
  50  7:09  Banshee  
  46  7:26  Combat Shield  
  46  7:27  Widow Mine x2  
  46  7:31  SCV  
  46  7:32  SCV, Marine  
  46  7:33  Marauder, Marine x2  
  46  7:34  Marauder, Marine  
  54  7:44  SCV x2  
  49  7:49  Widow Mine x2  
  49  7:50  Marine x2  
  55  7:51  Marine  
  55  7:52  SCV  
  55  7:55  Marauder x2  
  55  7:56  SCV x2  
  63  7:58  Refinery  
  63  8:00  Missile Turret  
  63  8:04  SCV  
  64  8:08  SCV  
  65  8:37  Marauder x2, Marine x4  
  73  8:42  Widow Mine  
  73  8:43  Widow Mine  
  77  8:57  Supply Depot  
  77  9:04  Supply Depot  
  77  9:19  Widow Mine x2, SCV x2, Marine x2  
  77  9:20  SCV, Marine x2  
  84  9:26  Marauder x2  
  88  9:37  Armory  
  80  9:47  SCV x2  
  80  9:51  Terran Infantry Weapons Level 1  
  82  9:56  Marauder x2, Engineering Bay  
  82  9:57  Marine x4  
  82  9:58  Concussive Shells  
  82  9:59  SCV x2  
  92  10:07  Medivac  
  92  10:11  SCV x2  
  92  10:16  Supply Depot x2  
  92  10:17  Supply Depot  
  92  10:18  Supply Depot  
  92  10:23  SCV  
  93  10:38  SCV x2, Marauder x2, Factory Tech Lab  
  99  10:43  Supply Depot x2  
  99  10:44  Supply Depot  
  99  10:45  Supply Depot  
  99  10:47  Barracks  
  99  10:53  Medivac  
  99  10:56  Marine x4  
  105  10:59  Marauder x2  
  105  11:00  Siege Tank  
  112  11:10  Supply Depot  
  112  11:12  Supply Depot  
  112  11:14  Marine x4  
  112  11:21  Marauder x2  
  112  11:23  Medivac  
  116  11:32  Marine x4  
  120  11:33  Siege Tank  
  123  11:42  Marauder x2  
  123  11:49  Marine  
  123  11:50  Marine x3  
  123  11:53  Medivac  
  127  12:04  Marauder x2  
  128  12:20  Supply Depot  
  128  12:21  Supply Depot  
  128  12:23  Medivac  
  128  12:24  Supply Depot  
  130  12:32  Terran Infantry Armor Level 1, Terran Infantry Weapons Level 2  
  130  12:34  Command Center  
  130  12:36  Terran Vehicle Weapons Level 1  
  130  12:42  Command Center  
  130  12:44  Supply Depot  
  102  13:18  Missile Turret  
  102  13:30  Missile Turret  
  100  13:43  Starport Reactor  
  100  13:45  Siege Tank  
  103  13:55  Planetary Fortress  
  103  14:00  SCV  
  104  14:17  Siege Tank  
  107  14:33  Marauder  
  107  14:34  Marauder, Marine x3  
  114  14:55  Marauder x2  
  115  15:16  Marauder  
  115  15:17  Marauder  
  109  15:38  Marauder x2  
  109  15:48  Marine  
  109  15:50  Medivac x2  
  96  15:59  Marauder x2  
  99  16:05  Marine  
  99  16:06  Marine x5  
  99  16:09  Smart Servos  
  104  16:20  Marauder, Medivac  
  104  16:21  Marauder  
  104  16:23  SCV, Marine x4  
  104  16:24  SCV x2, Marine x2  
  111  16:36  SCV x3  
  114  16:42  Marauder x2  
  117  16:48  SCV x2  
  116  17:17  Medivac  
  53  17:57  SCV x2  
  55  18:03  Engineering Bay  
  55  18:07  Engineering Bay  
  55  18:09  SCV x2  
  57  18:12  Orbital Command  
  57  18:21  SCV  
  57  18:22  SCV  
  59  18:32  Supply Depot  
  59  18:33  SCV  
  59  18:34  SCV, Supply Depot  
  61  18:43  SCV  
  61  18:45  SCV  
  61  18:46  SCV  
  64  18:56  SCV  
  64  18:57  SCV  
  64  18:58  SCV  
  67  19:08  SCV  
  67  19:09  SCV  
  69  19:19  SCV  
  69  19:20  SCV, Missile Turret  
  69  19:21  SCV  
  72  19:31  SCV  
  72  19:32  SCV  
  72  19:34  SCV  
Show
View Real Time Build Order
Export as new Build Order

qqq Zerg - Winner!

Build Orders: Hatch First, Brood Lord Corruptor 

Get SALT Encoding   

  12  0:00  Drone  
  13  0:16  Drone  
  14  0:25  Overlord  
  14  0:45  Hatchery  
  13  0:50  Drone  
  13  0:52  Drone  
  15  1:00  Drone  
  16  1:16  Spawning Pool  
  15  1:18  Extractor  
  15  1:22  Drone x2  
  16  1:26  Drone  
  17  1:39  Overlord  
  17  1:44  Drone  
  18  1:57  Drone  
  18  1:58  Drone  
  20  2:09  Drone  
  20  2:12  Drone  
  22  2:16  Queen x2  
  26  2:23  Metabolic Boost  
  26  2:26  Zergling x2  
  27  2:30  Drone  
  27  2:33  Zergling x2  
  27  2:36  Drone  
  30  2:39  Drone  
  30  2:42  Drone  
  32  2:49  Overlord  
  32  2:51  Drone  
  33  2:59  Zergling x2  
  33  3:01  Lair  
  33  3:03  Drone  
  35  3:10  Zergling x2  
  35  3:12  Zergling x2  
  37  3:22  Overlord  
  37  3:23  Zergling x2  
  37  3:25  Zergling x4  
  37  3:26  Zergling x2  
  40  3:31  Zergling x6  
  43  3:35  Zergling x2  
  43  3:41  Zergling x2  
  45  3:50  Zergling x2  
  45  3:52  Zergling x2  
  47  3:56  Zergling x2  
  47  3:57  Hatchery  
  47  3:59  Zergling x4  
  47  4:00  Zergling x2  
  47  4:01  Zergling x2  
  48  4:14  Zergling x4  
  48  4:15  Zergling x4  
  46  4:24  Zergling x2  
  44  4:29  Spire  
  44  4:31  Zergling x2  
  44  4:32  Zergling x2  
  44  4:40  Zergling x2  
  44  4:43  Zergling x2  
  44  4:55  Zergling x2  
  44  4:56  Zergling x2  
  45  5:10  Zergling x6  
  45  5:11  Zergling x6  
  43  5:20  Zergling x2  
  41  5:21  Drone  
  41  5:22  Zergling x4  
  41  5:24  Extractor  
  41  5:28  Drone  
  44  5:33  Drone  
  44  5:34  Drone  
  46  5:35  Extractor  
  43  5:49  Mutalisk  
  39  5:59  Mutalisk  
  39  6:00  Drone  
  39  6:01  Drone x6  
  45  6:09  Drone x2  
  47  6:12  Queen  
  47  6:13  Extractor  
  47  6:14  Drone x3  
  47  6:15  Drone  
  49  6:20  Drone x2  
  51  6:27  Overseer  
  51  6:30  Hatchery  
  51  6:32  Zerg Flyer Weapons Level 1  
  50  6:34  Drone x3  
  50  6:38  Mutalisk  
  55  6:42  Overlord  
  55  6:45  Overlord  
  55  6:47  Drone  
  55  6:48  Drone, Pneumatized Carapace  
  55  6:53  Extractor  
  56  6:55  Extractor  
  56  6:57  Mutalisk  
  57  7:02  Drone x2  
  57  7:03  Drone  
  57  7:04  Infestation Pit  
  57  7:07  Spore Crawler  
  57  7:08  Drone x2  
  59  7:12  Mutalisk  
  59  7:15  Drone x2  
  64  7:17  Drone  
  65  7:31  Mutalisk  
  65  7:32  Mutalisk  
  63  7:49  Drone x5  
  63  7:50  Drone x5  
  71  7:54  Spore Crawler  
  71  7:56  Drone x2  
  71  7:57  Spine Crawler, Mutalisk x2  
  75  8:02  Drone x2  
  77  8:09  Hive  
  77  8:15  Drone  
  77  8:16  Drone x2  
  80  8:23  Spore Crawler  
  80  8:24  Overlord x3  
  77  8:35  Mutalisk  
  77  8:40  Drone  
  80  8:42  Spore Crawler  
  80  8:43  Overlord x5  
  80  8:48  Spine Crawler  
  78  8:55  Drone x2  
  80  8:56  Drone  
  80  8:58  Drone x2  
  80  8:59  Drone x3  
  86  9:09  Queen  
  88  9:12  Drone x3  
  88  9:13  Mutalisk  
  88  9:16  Mutalisk  
  95  9:27  Spine Crawler  
  94  9:35  Mutalisk x4  
  94  9:36  Mutalisk  
  94  9:38  Drone x6  
  108  9:44  Greater Spire  
  110  9:49  Spire  
  109  9:54  Spine Crawler  
  109  9:55  Mutalisk x2  
  109  9:57  Spine Crawler  
  111  10:00  Spine Crawler  
  111  10:03  Drone x6  
  111  10:05  Viper  
  119  10:17  Spine Crawler, Corruptor  
  119  10:18  Spine Crawler, Corruptor  
  119  10:19  Corruptor  
  124  10:21  Drone  
  124  10:22  Drone  
  124  10:23  Drone x2  
  127  10:41  Corruptor  
  127  10:42  Corruptor x3  
  135  10:44  Drone x5  
  140  11:00  Overlord x7  
  140  11:01  Overlord  
  138  11:24  Corruptor x2  
  139  11:27  Brood Lord x3  
  145  11:34  Extractor  
  145  11:35  Extractor  
  144  11:40  Drone x5  
  144  11:45  Spore Crawler  
  147  11:47  Drone x2, Spine Crawler  
  147  11:50  Hatchery  
  147  11:55  Hatchery  
  146  12:01  Brood Lord x3  
  146  12:02  Brood Lord  
  146  12:04  Zergling x8  
  146  12:05  Zergling x8  
  146  12:06  Zergling x6  
  146  12:07  Zerg Flyer Armor Level 1  
  165  12:12  Drone x2  
  167  12:23  Drone x2  
  167  12:28  Viper  
  172  12:30  Viper  
  172  12:32  Zergling x4  
  172  12:33  Zergling x14  
  184  12:44  Spine Crawler  
  183  12:45  Spine Crawler, Zerg Flyer Weapons Level 2  
  182  12:51  Spine Crawler  
  182  12:53  Spine Crawler  
  182  12:54  Spine Crawler  
  178  13:03  Corruptor x2  
  178  13:04  Corruptor x3  
  188  13:12  Brood Lord  
  190  13:14  Drone x3  
  193  13:22  Drone  
  194  13:31  Spore Crawler  
  194  13:33  Spine Crawler  
  191  13:38  Spore Crawler  
  191  13:39  Spine Crawler  
  189  13:43  Corruptor x4  
  189  13:45  Overlord  
  189  13:46  Overlord x6  
  197  13:55  Hatchery  
  196  14:05  Brood Lord  
  198  14:33  Zerg Flyer Armor Level 2  
  179  15:17  Brood Lord x7  
  193  15:22  Brood Lord x2  
  193  15:25  Overlord x3  
  197  15:29  Extractor  
  180  16:08  Viper x5  
  180  16:09  Viper x2  
  170  16:57  Greater Spire  
  170  16:59  Spore Crawler  
  159  17:01  Corruptor x3  
  159  17:02  Corruptor x6  
  159  17:03  Mutalisk x3  
  159  17:07  Overseer x2  
  179  17:16  Mutalisk  
  179  17:18  Overlord x5  
  177  17:36  Overseer  
  157  17:37  Overseer  
  149  17:48  Mutalisk x2  
  149  17:49  Mutalisk x3  
  159  18:03  Spawning Pool  
  158  18:09  Drone x2  
  158  18:10  Drone  
  158  18:12  Drone x3  
  164  18:17  Extractor  
  159  18:20  Extractor  
  154  18:28  Drone x2  
  154  18:29  Mutalisk x5  
  150  18:42  Mutalisk x3  
  150  18:43  Hatchery  
  150  18:45  Overlord x3  
  150  18:47  Drone x4  
  159  19:02  Brood Lord x2  
  163  19:05  Drone x3  
  163  19:06  Mutalisk  
  163  19:07  Zergling x2  
  163  19:08  Zergling x10  
  174  19:13  Drone  
  175  19:20  Extractor  
  175  19:22  Drone  
Show
View Real Time Build Order
Export as new Build Order

whiteman Zerg 

Build Orders: Hatch First, Lurkers 

Get SALT Encoding   

  12  0:00  Drone  
  13  0:13  Overlord  
  13  0:18  Drone  
  14  0:32  Drone x2  
  16  0:49  Hatchery  
  15  0:53  Drone  
  16  1:00  Drone  
  16  1:01  Drone  
  18  1:09  Extractor  
  17  1:16  Spawning Pool  
  16  1:20  Drone  
  16  1:23  Drone  
  18  1:43  Drone  
  18  1:44  Overlord  
  19  1:51  Drone  
  20  2:03  Queen x2  
  20  2:04  Zergling x4  
  26  2:13  Drone  
  26  2:14  Drone  
  28  2:25  Metabolic Boost  
  28  2:27  Drone x2  
  30  2:34  Drone x2  
  34  2:51  Drone x2, Hatchery  
  33  3:02  Pneumatized Carapace  
  33  3:04  Overlord  
  33  3:07  Queen  
  33  3:11  Drone  
  36  3:25  Drone x6  
  42  3:32  Baneling Nest  
  41  3:34  Zergling x2  
  41  3:37  Zergling x2  
  43  3:44  Zergling x2  
  44  3:50  Overlord x3  
  39  4:10  Zergling x2  
  39  4:11  Zergling x8  
  40  4:18  Zergling x10  
  29  4:35  Drone x6  
  30  4:45  Zergling x6  
  19  5:08  Zergling x2  
  19  5:09  Zergling x12  
  24  5:22  Queen  
  24  5:24  Drone x2  
  28  5:37  Baneling x2  
  28  5:41  Drone x5  
  33  6:00  Drone x6  
  39  6:07  Lair  
  39  6:17  Extractor  
  38  6:27  Hatchery  
  37  6:37  Drone x3  
  37  6:39  Drone x2  
  42  6:53  Drone x4  
  46  6:55  Spore Crawler  
  45  7:01  Drone  
  45  7:02  Drone x3  
  45  7:05  Overseer  
  45  7:08  Overseer  
  49  7:12  Drone x3  
  52  7:17  Extractor x2, Drone x2  
  52  7:19  Queen  
  54  7:25  Evolution Chamber  
  52  7:44  Spore Crawler  
  52  7:45  Spore Crawler  
  52  7:50  Drone x3  
  53  7:52  Hydralisk Den  
  53  7:53  Spore Crawler  
  53  7:54  Drone x9, Spore Crawler  
  59  7:59  Drone  
  59  8:02  Zerg Missile Weapons Level 1  
  60  8:11  Overseer  
  60  8:17  Drone x10  
  70  8:25  Overlord x3  
  70  8:28  Grooved Spines  
  69  8:36  Overlord x3  
  69  8:42  Queen  
  69  8:44  Extractor x2  
  69  8:49  Drone x3  
  69  8:50  Drone x2  
  69  8:51  Hydralisk x2  
  78  9:01  Overlord  
  78  9:11  Hydralisk x4  
  85  9:30  Hydralisk x2  
  89  9:37  Overseer  
  87  9:39  Muscular Augments  
  83  9:49  Overseer  
  83  9:54  Hydralisk x5  
  93  10:04  Hatchery  
  91  10:11  Drone  
  91  10:12  Drone x11, Overlord x3  
  103  10:22  Zerg Ground Armor Level 1  
  103  10:24  Hydralisk x4, Evolution Chamber  
  110  10:30  Overlord  
  110  10:37  Extractor  
  110  10:39  Extractor  
  108  10:55  Hydralisk x3  
  108  10:56  Hydralisk x4  
  111  11:24  Hydralisk x6  
  95  11:28  Zergling x22  
  104  11:44  Drone x4  
  104  11:45  Drone x2  
  110  11:49  Baneling  
  110  11:50  Baneling x12  
  110  11:56  Zerg Melee Weapons Level 1  
  110  12:03  Overseer  
  110  12:04  Overseer  
  107  12:09  Queen  
  107  12:10  Drone x11  
  107  12:11  Drone x2  
  107  12:12  Spore Crawler  
  117  12:18  Zerg Missile Weapons Level 2  
  117  12:30  Hydralisk x5  
  117  12:34  Overlord x11  
  125  12:40  Hatchery  
  124  12:50  Hydralisk  
  126  12:54  Overlord  
  126  13:01  Lurker Den  
  126  13:02  Hydralisk x9, Infestation Pit  
  142  13:09  Centrifical Hooks  
  142  13:50  Hive  
  142  13:57  Nydus Network  
  141  14:42  Lurker x4  
  141  14:43  Lurker x2  
  147  14:45  Zergling x2  
  147  14:46  Zergling x30  
  118  15:09  Viper x3  
  118  15:10  Spire, Viper  
  118  15:13  Hydralisk x13  
  118  15:14  Hydralisk  
  69  16:08  Hydralisk x10  
  69  16:09  Hydralisk x5  
  42  17:01  Hydralisk x6  
  22  17:52  Drone x3  
  23  18:19  Drone  
  25  18:20  Drone  
  25  18:26  Hatchery x2  
  23  19:22  Hatchery  
Show
View Real Time Build Order
Export as new Build Order

Kornisey Protoss 

Build Orders: Mass Adepts 

Get SALT Encoding   

  12  0:00  Probe  
  13  0:12  Probe  
  14  0:19  Pylon  
  14  0:24  Probe  
  15  0:37  Probe (Chrono Boost)  
  15  0:39  Gateway  
  16  0:45  Assimilator  
  16  0:49  Probe (Chrono Boost)  
  17  0:56  Probe (Chrono Boost)  
  18  0:59  Assimilator  
  18  1:03  Probe (Chrono Boost)  
  19  1:15  Probe (Chrono Boost)  
  20  1:20  Probe (Chrono Boost)  
  21  1:28  Cybernetics Core  
  21  1:31  Gateway  
  21  1:56  Nexus  
  21  2:05  Warp Gate  
  21  2:06  Adept  
  23  2:19  Pylon  
  23  2:25  Twilight Council  
  23  2:37  Probe, Adept  
  23  2:41  Pylon  
  26  2:49  Probe  
  27  2:57  Adept  
  29  3:01  Probe  
  29  3:04  Resonating Glaives (Chrono Boost)  
  30  3:08  Probe  
  31  3:13  Probe  
  32  3:20  Probe  
  32  3:21  Adept  
  32  3:26  Probe  
  36  3:29  Adept  
  36  3:32  Probe  
  39  3:35  Pylon  
  39  3:39  Probe  
  40  3:44  Probe  
  40  3:47  Gateway  
  41  3:51  Probe  
  42  3:56  Probe  
  42  4:00  Adept  
  43  4:23  Adept x2  
  36  4:43  Adept  
  36  4:45  Adept x2  
  38  4:55  Pylon  
  38  5:05  Adept  
  38  5:06  Adept x2  
  40  5:14  Dark Shrine  
  40  5:20  Probe x2  
  40  5:26  Gateway  
  40  5:28  Adept  
  40  5:29  Gateway, Adept x2  
  46  5:51  Stalker x2  
  46  5:54  Probe (Chrono Boost)  
  46  5:55  Probe (Chrono Boost)  
  47  6:03  Shield Battery  
  43  6:06  Probe (Chrono Boost)  
  43  6:07  Probe (Chrono Boost)  
  43  6:08  Assimilator  
  45  6:12  Assimilator  
  45  6:14  Adept  
  45  6:15  Adept x2  
  51  6:28  Dark Templar x2  
  55  6:35  Dark Templar  
  55  6:36  Dark Templar  
  53  6:51  Probe (Chrono Boost)  
  54  7:01  Probe (Chrono Boost)  
  55  7:06  Probe (Chrono Boost)  
  55  7:07  Probe  
  57  7:19  Probe  
  52  7:47  Stalker x3  
  52  7:48  Stalker x2  
  60  7:55  Probe (Chrono Boost), Pylon  
  60  7:56  Probe (Chrono Boost)  
  62  7:59  Pylon  
  63  8:07  Probe x2 (Chrono Boost)  
  63  8:12  Probe x2 (Chrono Boost)  
  61  8:15  Blink (Chrono Boost)  
  63  8:21  Probe x2  
  65  8:33  Probe, Pylon  
  65  8:34  Probe  
  67  8:42  Forge  
  67  8:44  Pylon  
  67  8:45  Probe  
  67  8:46  Probe  
  69  8:54  Stalker x2  
  69  8:55  Stalker x3  
  79  9:18  Pylon  
  79  9:20  Stalker x3  
  84  9:29  Stargate  
  82  10:06  Void Ray  
  82  10:10  Templar Archives  
  86  10:16  Stalker  
  86  10:17  Stalker x3  
  94  10:22  Nexus  
  94  10:23  Pylon x2  
  94  10:25  Pylon  
  94  10:26  Pylon  
  94  10:27  Pylon  
  94  10:29  Pylon  
  94  11:06  Photon Cannon  
  94  11:08  Photon Cannon  
  72  11:22  Dark Templar x3  
  78  11:40  Probe  
  73  11:53  Probe  
  62  12:05  Probe (Chrono Boost), Dark Templar x2  
  62  12:06  Dark Templar  
  69  12:10  Protoss Ground Weapons Level 1 (Chrono Boost)  
  69  12:17  Probe (Chrono Boost)  
  69  12:19  Assimilator  
  69  12:22  Assimilator  
  70  12:26  Probe (Chrono Boost)  
  71  12:31  Probe  
  72  12:43  Probe  
  73  13:05  High Templar x4  
  73  13:06  High Templar  
  73  13:11  Gateway  
  77  13:13  Gateway  
  77  13:15  Probe (Chrono Boost)  
  77  13:17  Gateway  
  77  13:19  Gateway  
  78  13:21  Gateway  
  78  13:24  Gateway  
  78  13:25  Probe (Chrono Boost)  
  79  13:30  Probe (Chrono Boost), Shield Battery  
  79  13:31  Archon  
  79  13:32  Archon  
  74  13:42  Probe  
  74  13:45  High Templar, Adept  
  74  13:46  Adept x3  
  85  13:49  Archon  
  85  13:54  Probe (Chrono Boost)  
  86  14:04  Probe (Chrono Boost), Void Ray (Chrono Boost)  
  86  14:09  Probe (Chrono Boost)  
  92  14:17  Stargate  
  92  14:20  Probe  
  92  14:21  Fleet Beacon  
  92  14:22  Pylon  
  92  14:24  Pylon  
  92  14:32  Probe  
  92  14:34  Void Ray  
  85  15:09  Dark Templar  
  85  15:10  Dark Templar  
  85  15:11  Void Ray  
  79  15:35  Dark Templar x3  
  85  15:36  Dark Templar x2  
  89  15:43  Stalker x3  
  89  15:45  Zealot x3  
  89  15:48  Void Ray  
  101  16:11  Stalker  
  101  16:12  Stalker x4  
  101  16:13  Stalker  
  109  16:26  Shield Battery  
  109  16:27  Shield Battery  
  109  16:29  Shield Battery  
  109  16:31  Shield Battery  
  109  16:37  Nexus  
  109  16:40  Pylon  
  109  16:46  Stalker x4  
  117  16:47  Stalker x3  
  119  17:12  Dark Templar  
  119  17:13  Dark Templar  
  89  17:50  Zealot  
  89  17:51  Zealot x5  
  95  17:52  Zealot  
  97  18:12  Zealot x3  
  101  18:13  Zealot x3  
  101  18:14  Zealot  
  111  18:37  Archon  
  111  18:46  Pylon  
  109  19:01  Void Ray x2 (Chrono Boost)  
  97  19:19  Probe (Chrono Boost)  
  97  19:23  Assimilator  
  98  19:27  Assimilator  
  98  19:29  Probe (Chrono Boost)  
  99  19:34  Probe (Chrono Boost)  
  99  19:35  Dark Templar x5  
Tags
 
Add a new tag
Caveats
  • Supply blocks, unpowered buildings, or Contaminate may cause inaccurate times.
  • Supply counts are checked every 10 seconds.